 Dungeon Crawl Stone Soup version 0.30-a0-603-g51a0fb1b98 (webtiles) character file.

Game seed: 8447258410637340420

7134 zero the Geomancer (level 11, 0/56 HPs)
             Began as a Gargoyle Earth Elementalist on Jan 7, 2023.
             Was a Believer of Kikubaaqudgha.
             Killed from afar by a gargoyle (14 damage)
             ... with a stone arrow
             ... on level 10 of the Dungeon.
             The game lasted 00:11:16 (10679 turns).

zero the Geomancer (Gargoyle Earth Elementalist)   Turns: 10679, Time: 00:11:17

Health: 0/56       AC: 20    Str: 11    XL:     11   Next: 10%
Magic:  14/24      EV: 11    Int: 19    God:    Kikubaaqudgha [**....]
Gold:   493        SH:  0    Dex:  7    Spells: 19/29 levels left

rFire   + + +      SeeInvis +    d - +5 dagger "Fuanuid" {flame, Fly rF+++ Str-2 Dex-3}
rCold   . . .      Faith    .    (no shield)
rNeg    + . .      Spirit   .    F - +3 leather armour of the Eternal Fruit {SInv Stlth+}
rPois   ∞          Reflect  .    w - +1 helmet
rElec   +          Harm     .    r - +0 cloak
rCorr   .          Rampage  .    x - +2 pair of gloves
Will    +....                    (no boots)
Stlth   ++                       c - amulet of magic regeneration
HPRegen 0.29/turn                t - ring of willpower
MPRegen 0.59/turn                s - ring of flight

@: flying
A: sickness immunity, AC +8, negative energy resistance 1, electricity
resistance, torment resistance 1, petrification resistance
a: Renounce Religion, Unearth Wretches


You were on level 10 of the Dungeon.
You worshipped Kikubaaqudgha.
Kikubaaqudgha was pleased with you.
You visited 2 branches of the dungeon, and saw 11 of its levels.

You collected 668 gold pieces.
You spent 175 gold pieces at shops.

Inventory:

Hand Weapons
 b - a +4 vampiric dagger
 d - the +5 dagger "Fuanuid" (weapon) {flame, Fly rF+++ Str-2 Dex-3}
   (You bought it in a shop on level 6 of the Dungeon)

   Str:       It affects your strength (-2).
   Dex:       It affects your dexterity (-3).
   rF:        It renders you almost immune to fire.
   Fly:       It grants you flight.
Missiles
 N - a throwing net
Armour
 a - a +0 robe
 r - a +0 cloak (worn)
 w - a +1 helmet (worn)
 x - a +2 pair of gloves (worn)
 F - the +3 leather armour of the Eternal Fruit (worn) {SInv Stlth+}
   (You found it on level 7 of the Dungeon)

   SInv:      It lets you see invisible.
   Stlth:     It makes you more stealthy.
Jewellery
 c - an amulet of magic regeneration (around neck)
 g - an amulet of the acrobat
 j - a ring of protection from fire
 l - an amulet of faith
 s - a ring of flight (right hand)
 t - a ring of willpower (left hand)
 K - a ring of ice
Wands
 p - a wand of digging (6)
 v - a wand of paralysis (8)
 C - a wand of roots (9)
 G - a wand of quicksilver (3)
Scrolls
 i - a scroll of torment {unknown}
 k - a scroll of fog
 n - 3 scrolls of amnesia
 o - 3 scrolls of enchant weapon
 z - 4 scrolls of blinking
 M - 2 scrolls of vulnerability
Potions
 e - a potion of brilliance {unknown}
 f - a potion of flight
 h - a potion of haste
 m - 2 potions of lignification
 u - 13 potions of ambrosia
 D - 2 potions of heal wounds
 H - 2 potions of mutation
 L - a potion of curing


   Skills:
 - Level 1.0 Fighting
 - Level 1.0 Armour
 - Level 1.5 Dodging
 - Level 2.1 Stealth
 + Level 9.7 Spellcasting
 - Level 5.0 Conjurations
 * Level 7.8 Necromancy
 - Level 1.0 Transmutations
 - Level 10.0 Earth Magic
 - Level 1.0 Evocations


You had 19 spell levels left.
You knew the following spells:

 Your Spells              Type           Power      Damage    Failure   Level
a - Sandblast             Erth           94%        2d19      1%          1
b - Stone Arrow           Conj/Erth      74%        3d11      1%          3
c - Passwall              Tmut/Erth      25%        N/A       1%          2
E - Animate Dead          Necr           38%        N/A       4%          4

Your spell library contained the following spells:

 Spells                   Type           Power      Damage    Failure   Level
 Kiss of Death            Conj/Necr      100%       2d13      1%          1
 Necrotise                Necr           100%       1d9       1%          1
 Vampiric Draining        Necr           38%        2d8       1%          3
 Petrify                  Tmut/Erth      30%        N/A       11%         4
 Leda's Liquefaction      Hex/Erth       14%        N/A       13%         4
 Call Canine Familiar     Summ           9%         N/A       30%         3
 Gell's Gravitas          Tloc           9%         N/A       30%         3
 Portal Projectile        Hex/Tloc       18%        N/A       30%         3
 Teleport Other           Tloc           9%         N/A       30%         3
 Conjure Ball Lightning   Conj/Air       9%         3x3d6     99%         6
 Dispersal                Tloc           4%         N/A       100%        6
 Discord                  Hex            4%         N/A       100%        8
 Disjunction              Tloc           4%         N/A       100%        8


Dungeon Overview and Level Annotations

Branches:
Dungeon (10/15)            Temple (1/1) D:4
   Lair: D:8-11         Orc: D:9-12

Altars:
Ashenzari
Cheibriados
Dithmenos
Elyvilon
Fedhas
Gozag
Hepliaklqana
Kikubaaqudgha
Makhleb
Nemelex Xobeh
Okawaru
Qazlal
Ru
Sif Muna
Trog
Uskayaw
Vehumet
Wu Jian
Xom
Yredelemnul
Zin
The Shining One

Shops:
D:4 (   D:6 (


Innate Abilities, Weirdness & Mutations

You are immune to sickness and miasma.
Your stone body is resilient. (AC +8)
You are immune to poison.
You resist negative energy. (rN+)
You are resistant to electric shocks. (rElec)
You are resistant to unholy torment.
You are immune to petrification.


Message History

The yak closely misses you.
Casting: Stone Arrow (safe; 1% risk of failure)
Confirm with . or Enter, or press ? or * to list all spells.
Aiming: Stone Arrow (safe; 1% risk of failure)
Press: ? - help, Shift-Dir - straight line, p - yak The yak gores you but does no damage. x2
The yak attacks as you move away! The yak gores you.
* * * LOW HITPOINT WARNING * * *
The yak completely misses you. The yak attacks as you move away!
The yak gores you.
* * * LOW HITPOINT WARNING * * *
The yak attacks as you move away! The yak gores you.
* * * LOW HITPOINT WARNING * * *
The yak attacks as you move away! The yak barely misses you.
Casting: Stone Arrow (safe; 1% risk of failure)
Confirm with . or Enter, or press ? or * to list all spells.
Aiming: Stone Arrow (safe; 1% risk of failure)
Press: ? - help, Shift-Dir - straight line, f - yak
Aim: a yak (84% to hit)
The stone arrow hits the yak!
The yak is heavily wounded.
Casting: Stone Arrow (safe; 1% risk of failure)
Confirm with . or Enter, or press ? or * to list all spells.
Aiming: Stone Arrow (safe; 1% risk of failure)
Press: ? - help, Shift-Dir - straight line, f/p - yak
Aim: a yak (heavily wounded, 84% to hit)
The stone arrow hits the yak!
The yak is severely wounded.
Casting: Stone Arrow (safe; 1% risk of failure)
Confirm with . or Enter, or press ? or * to list all spells.
Aiming: Stone Arrow (safe; 1% risk of failure)
Press: ? - help, Shift-Dir - straight line, f/p - yak
Aim: a yak (severely wounded, 84% to hit)
The stone arrow hits the yak!!
You kill the yak!
Kikubaaqudgha accepts your kill.
The gargoyle hurls a stone arrow at you.
The stone arrow hits you!
You die...
Kikubaaqudgha rasps: "You have failed me!
Welcome... oblivion!"

..... .............$††.##
........................#
..##...................##
...#...................#
.......# .#...........##
......# ....§§§....9.#
......# .≈≈≈§≈§§≈≈..##
......##..≈...§§..§Y.#
.##.......≈.#####@≈Y.#
..#.>.....≈.....#.§Y.#
.........§§.#._.#.≈..#
....#.##..§§#.....≈..#
...##..#..§§#####.≈..#
##........≈.......≈..#
.##.......§§§.≈≈≈≈≈..#
..##................##
..####<...###########


You could see 3 yaks and a gargoyle.

Vanquished Creatures
  A two-headed ogre (D:8)
  A hornet (D:10)
  A vampire (D:10)
  6 yaks
  A wyvern (D:9)
  2 vampire mosquitoes (D:10)
  2 water moccasins
  6 orc warriors
  An ice beast (D:8)
  2 black bears (D:8)
  2 ogres
  3 sky beasts
  4 centaurs
  2 phantoms
  A kobold brigand (D:7)
  4 bullfrogs
  2 necrophages
  A gnoll sergeant (D:9)
  A scorpion (D:5)
  8 wights
  22 killer bees (D:9)
  A jelly (D:4)
  3 orc priests
  A hound (D:5)
  Terence (D:2)
  Natasha (thrice) (D:2)
  4 orc wizards
  4 gnolls (D:9)
  4 adders
  An ufetubus (D:4)
  5 worms
  4 dart slugs
  44 orcs
  4 bats
  6 endoplasms
  5 giant cockroaches
  8 hobgoblins
  5 jackals
  6 kobolds
  2 quokkas (D:3)
  11 ball pythons
  4 frilled lizards
  9 goblins
  A goblin zombie (D:4)
  A quokka zombie (D:4)
  4 rats
214 creatures vanquished.

Vanquished Creatures (collateral kills)
  A queen bee (D:9)
  A yak (D:9)
  5 killer bees (D:9)
7 creatures vanquished.

Vanquished Creatures (others)
  6 yak zombies (D:9)
  6 killer bee zombies (D:9)
  A goblin (D:4)
  10 fungi (D:3)
23 creatures vanquished.

Grand Total: 244 creatures vanquished

Notes
Turn   | Place    | Note
-------+----------+-------------------------------------------
     0 | D:1      | zero the Gargoyle Earth Elementalist began the quest for
                  | the Orb.
     0 | D:1      | Reached XP level 1. HP: 10/10 MP: 3/3
   229 | D:1      | Reached XP level 2. HP: 15/15 MP: 1/5
   361 | D:1      | Reached skill level 4 in Earth Magic
  1087 | D:2      | Reached XP level 3. HP: 19/19 MP: 4/7
  1255 | D:2      | Learned a level 3 spell: Stone Arrow
  1661 | D:2      | Reached XP level 4. HP: 24/24 MP: 5/9
  1743 | D:2      | Noticed Natasha
  1754 | D:2      | Killed Natasha
  1862 | D:2      | Noticed Terence
  1864 | D:2      | Killed Terence
  2102 | D:3      | Reached XP level 5. HP: 28/28 MP: 7/10
  2349 | D:3      | Reached skill level 5 in Earth Magic
  2699 | D:3      | Found an iron altar of Okawaru.
  3125 | D:4      | Found Pariwuab's Weapon Emporium.
  3578 | D:2      | Noticed Natasha
  3584 | D:2      | Killed Natasha
  3585 | D:2      | Reached XP level 6. HP: 24/32 MP: 10/13
  3613 | D:2      | Noticed Natasha
  3617 | D:2      | Killed Natasha
  3618 | D:2      | Reached skill level 5 in Spellcasting
  3621 | D:2      | Learned a level 2 spell: Passwall
  3749 | D:4      | Found a staircase to the Ecumenical Temple.
  3762 | D:4      | Found a shimmering altar of Xom.
  3770 | D:4      | Reached skill level 1 in Transmutations
  3784 | D:4      | Reached skill level 1 in Fighting
  3784 | D:4      | Reached skill level 1 in Armour
  3784 | D:4      | Reached skill level 1 in Conjurations
  4075 | D:5      | Entered Level 5 of the Dungeon
  4107 | D:5      | Reached skill level 1 in Evocations
  4107 | D:5      | Reached XP level 7. HP: 36/38 MP: 10/14
  4580 | D:5      | Found a sacrificial altar of Ru.
  4716 | D:5      | Found a shadowy altar of Dithmenos.
  4797 | D:5      | Found a white marble altar of Elyvilon.
  5099 | D:6      | Reached skill level 6 in Earth Magic
  5235 | D:6      | Reached XP level 8. HP: 13/43 MP: 0/16
  5514 | D:6      | Found Worch's Antique Weapon Shoppe.
  5517 | D:6      | Bought a polished dagger for 175 gold pieces
  5517 | D:6      | Identified the +5 dagger "Fuanuid" {flame, Fly rF+++ Str-2
                  | Dex-3} (You bought it in a shop on level 6 of the Dungeon)
  5698 | D:6      | Reached skill level 7 in Earth Magic
  5783 | D:6      | Found an ornate altar of the Wu Jian Council.
  5818 | D:6      | Found a sparkling altar of Nemelex Xobeh.
  6673 | D:7      | Reached skill level 5 in Conjurations
  6730 | D:7      | HP: 1/43 [centaur (2)]
  6731 | D:7      | Reached skill level 8 in Earth Magic
  6964 | D:7      | Reached XP level 9. HP: 35/47 MP: 13/19
  7372 | D:7      | Found a shimmering blue altar of Sif Muna.
  7389 | D:7      | Reached skill level 9 in Earth Magic
  7871 | D:7      | Identified the +3 leather armour of the Eternal Fruit {SInv
                  | Stlth+}
  8023 | Temple   | Entered the Ecumenical Temple
  8116 | Temple   | Became a worshipper of Kikubaaqudgha
  8347 | D:8      | Reached skill level 1 in Necromancy
  8434 | D:8      | Identified the +1 chain mail of Peek-a-Boo {-Tele rCorr
                  | SInv}
  8443 | D:8      | Noticed a two-headed ogre
  8447 | D:8      | Killed a two-headed ogre
  8794 | D:8      | Found a snail-covered altar of Cheibriados.
  8943 | D:8      | Reached skill level 10 in Earth Magic
  8943 | D:8      | Reached XP level 10. HP: 52/52 MP: 17/22
  9242 | D:9      | Reached * piety under Kikubaaqudgha
  9242 | D:9      | Received a gift from Kikubaaqudgha
  9255 | D:9      | Reached skill level 5 in Necromancy
  9581 | D:9      | Learned a level 4 spell: Animate Dead
  9958 | D:9      | Reached ** piety under Kikubaaqudgha
 10148 | D:9      | Reached XP level 11. HP: 49/56 MP: 22/24
 10462 | D:10     | Entered Level 10 of the Dungeon
 10645 | D:10     | Found a hazy altar of Hepliaklqana.
 10679 | D:10     | Killed from afar by a gargoyle

Illustrated notes

Levels and vault maps discovered:
D:1:      psy_arrival_dodecagon, layout_loops_ring,
          nicolae_concentric_dashed_squares_wild, minivault_26
D:2:      layout_rooms, uniq_natasha, uniq_terence
D:3:      layout_rooms, nicolae_overflow_hidden_temple,
          dreamdust_mushroom_princess, saegor_snake_ambush
D:4:      layout_basic, xom_confusion_cloud, minmay_temple_entry_grid,
          enter_ossuary_4, serial_shops, shop
D:5:      nicolae_BIG_FREAKIN_CUBE, layout_basic, lemuel_crystal_altar,
          nicolae_ru_sacrificial_ziggurat, kennysheep_mini
D:6:      lemuel_ice_spiral_2, layout_basic, nemelex_xobeh_ov_fountains_minmay,
          nzn_wu_jian_contemplation, serial_shops, shop
D:7:      layout_rooms, mainiacjoe_overflow_alcove_1
D:8:      layout_loops_ring, cheibriados_altar_1,
          nicolae_concentric_dashed_squares_mild
D:9:      layout_roguey [special_room_orc], special_room [special_room_bee]
D:10:     layout_cave_pools, mainiacjoe_overflow_brackets,
          kennysheep_generic_room_15
Temple:   nicolae_temple_bog_church

Skill      XL: |  1  2  3  4  5  6  7  8  9 10 |
---------------+-------------------------------+-----
Earth Magic    | 4 5 6 8 10 | 10.0
Spellcasting   | 3 4 5 7 8 9 |  9.7
Transmutations | 1 |  1.0
Fighting       | 1 |  1.0
Armour         | 1 |  1.0
Conjurations   | 1 3 5 |  5.0
Evocations     | 1 |  1.0
Necromancy     | 3 7 |  7.8
Dodging        | |  1.5
Stealth        | |  2.1

Action                   |  1- 3 |  4- 6 |  7- 9 | 10-12 || total
-------------------------+-------+-------+-------+-------++-------
Melee: Unarmed           |    14 |       |       |       ||    14
       Dagger            |    24 |    45 |    60 |    15 ||   144
       Punch             |       |     1 |     1 |     1 ||     3
 Cast: Sandblast         |    51 |    83 |    67 |    85 ||   286
       Stone Arrow       |       |     6 |    47 |    23 ||    76
       Animate Dead      |       |       |       |     2 ||     2
Evoke: Wand              |       |       |     3 |       ||     3
  Use: Potion            |       |     2 |     9 |       ||    11
       Scroll            |       |       |       |    14 ||    14
 Stab: Sleeping          |     1 |     1 |     1 |       ||     3
       Paralysed         |       |       |    11 |       ||    11
Armor: Robe              |    15 |    39 |    68 |       ||   122
       Skin              |       |       |    13 |       ||    13
       Leather armour    |       |       |    10 |   109 ||   119
Dodge: Dodged            |    42 |    42 |    92 |   125 ||   301

Table legend: (Time is in decaauts)
 A = Elapsed time spent in this place.
 B = Non-inter-level travel time spent in this place.
 C = Inter-level travel time spent in this place.
 D = Time resting spent in this place.
 E = Time spent auto-exploring this place.
 F = Levels seen in this place.
 G = Mean time per level.
                   A        B        C        D        E       F      G
               +--------+--------+--------+--------+--------+-----+--------+
         Total |  10795 |  10123 |    672 |   2289 |   6344 |  11 |  981.4 |
       Dungeon |  10694 |  10055 |    639 |   2289 |   6283 |  10 | 1069.4 |
        Temple |    101 |     69 |     32 |      0 |     61 |   1 |  101.0 |
               +--------+--------+--------+--------+--------+-----+--------+

Top non-repeatable levels by time:
     D:6: 1953 daAuts
     D:9: 1315 daAuts
     D:4: 1209 daAuts
     D:2: 1156 daAuts
     D:1: 1107 daAuts
     D:5: 1018 daAuts
     D:7: 976 daAuts
     D:8: 972 daAuts
     D:3: 764 daAuts
    D:10: 221 daAuts
  Temple: 101 daAuts
